 Dungeon Sprint DCSS version 0.27-a0-965-gbf8bb431c4 (webtiles) character file.

Game seed: 12037795071609184231

4064036 mhtbhm the Conqueror (level 23, 175/175 HPs)
             Began as a Gargoyle Berserker on Apr 8, 2021.
             Was the Champion of Trog.
             Escaped with the Orb
             ... and 3 runes on Apr 12, 2021!
             The game lasted 00:56:03 (16687 turns).

mhtbhm the Conqueror (Gargoyle Berserker)          Turns: 16687, Time: 00:56:03

Health: 175/175    AC: 75    Str: 36    XL:     23   Next: 61%
Magic:  22/22      EV: 18    Int:  7    God:    Trog [******]
Gold:   374        SH:  5    Dex: 12    Spells: 22/22 levels left

rFire    + + .     SeeInvis +   a - +7 dire flail of Zufo Juxt {vorpal, rElec}
rCold    + . .     Faith    .   (shield currently unavailable)
rNeg     + + +     Spirit   .   b - +6 crystal plate armour of Ikik {Rampage +Blink Int-4}
rPois    ∞         Reflect  +   f - +1 helmet {SInv}
rElec    +         Harm     .   D - +1 cloak {Will+}
rCorr    .         Rampage  +   z - +2 pair of gloves of the Barnacled Sunfish {Rampage rF+ Slay+4}
Will     ++...     NoTele   +   L - +4 pair of boots
Stlth    +.........             O - amulet "Xiseh" {Reflect +Inv rF+ Str+4 Dex+3 SH+5}
HPRegen  0.39/turn              n - ring of Jeamokylea {rC+ rN++ Slay+4}
MPRegen  0.18/turn              y - ring of Sihashrik {Str+4 Slay+5}

@: flying, hasted (expiring), very quick
A: AC +17, big wings, negative energy resistance 1, electricity resistance,
torment resistance 1, unbreathing 1, petrification resistance, fangs 1,
iridescent scales 2, low mp 1, subdued magic 1, inability to read while
threatened
0: Orb of Zot
}: 3/3 runes: silver, golden, iron
a: Renounce Religion, Evoke Blink, Evoke Invisibility, Berserk, Trog's Hand,
Brothers in Arms


You escaped.
You worshipped Trog.
Trog was exalted by your worship.
You visited 1 branch You collected 374 gold pieces.

Inventory:

Hand Weapons
 a - the +7 dire flail of Zufo Juxt (weapon) {vorpal, rElec}
   (Trog gifted it to you in the Dungeon)

   It inflicts extra damage upon your enemies.
   It insulates you from electricity.
 G - a +5 antimagic flail
Missiles
 p - 2 throwing nets (quivered)
 J - 4 silver javelins
Armour
 b - the +6 crystal plate armour of Ikik (worn) {Rampage +Blink Int-4}
   (You found it in the Dungeon)

   It affects your intelligence (-4).
   It lets you blink.
   It bestows one free step when moving towards enemies.
 f - a +1 helmet of see invisible (worn)
 z - the +2 pair of gloves of the Barnacled Sunfish (worn) {Rampage rF+ Slay+4}
   (You found it in the Dungeon)

   It affects your accuracy and damage with ranged weapons and melee attacks
   (+4).
   It protects you from fire.
   It bestows one free step when moving towards enemies.
 B - a +0 tower shield of fire resistance
 D - a +1 cloak of willpower (worn)
 L - a +4 pair of boots (worn)
Jewellery
 n - the ring of Jeamokylea (left hand) {rC+ rN++ Slay+4}
   (You found it in the Dungeon)

   [ring of slaying]

   It affects your accuracy and damage with ranged weapons and melee attacks
   (+4).
   It protects you from cold.
   It greatly protects you from negative energy.
 s - the ring of Okawaru's Benevolence {rF+ rN+ Str+6}
   (You found it in the Dungeon)

   [ring of strength]

   It affects your strength (+6).
   It protects you from fire.
   It protects you from negative energy.
 t - the ring "Higgerhe" {rN+ Dex+7 Slay+5 SInv}
   (You found it in the Dungeon)

   [ring of slaying]

   It affects your dexterity (+7).
   It affects your accuracy and damage with ranged weapons and melee attacks
   (+5).
   It protects you from negative energy.
   It lets you see invisible.
 y - the ring of Sihashrik (right hand) {Str+4 Slay+5}
   (You found it in the Dungeon)

   [ring of slaying]

   It affects your strength (+4).
   It affects your accuracy and damage with ranged weapons and melee attacks
   (+5).
 C - the ring "Lyfyag Uramm" {rPois rCorr Str+4 Int-4 Slay+2}
   (You found it in the Dungeon)

   [ring of resist corrosion]

   It affects your strength (+4).
   It affects your intelligence (-4).
   It affects your accuracy and damage with ranged weapons and melee attacks
   (+2).
   It protects you from poison.
   It protects you from acid and corrosion.
 O - the amulet "Xiseh" (around neck) {Reflect +Inv rF+ Str+4 Dex+3 SH+5}
   (You found it in the Dungeon)

   [amulet of reflection]

   It reflects blocked missile attacks.
   It affects your strength (+4).
   It affects your dexterity (+3).
   It protects you from fire.
   It lets you turn invisible.
   It affects your SH (+5).
Wands
 o - a wand of paralysis (11)
 H - a wand of acid (2)
Scrolls
 h - 10 scrolls of blinking
 j - 2 scrolls of summoning
 q - a scroll of fear
 r - 3 scrolls of enchant weapon
 v - a scroll of enchant armour
 w - a scroll of fog
 x - 8 scrolls of identify
 I - a scroll of immolation
 R - a scroll of holy word
Potions
 c - 11 potions of curing
 d - 10 potions of heal wounds
 e - 5 potions of haste
 g - 6 potions of berserk rage
 i - a potion of invisibility
 m - 7 potions of might
 u - 5 potions of mutation
 Q - a potion of ambrosia
Miscellaneous
 k - a box of beasts
 l - a phantom mirror
 A - a box of beasts
 E - a tin of tremorstones (2/2)
 F - a condenser vane


   Skills:
 O Level 27 Fighting
 + Level 16.6(18.7) Short Blades
 + Level 15.0(17.9) Long Blades
 O Level 27 Axes
 O Level 27 Maces & Flails
 - Level 2.3(18.9) Polearms
 - Level 2.6(18.9) Staves
 - Level 2.3(18.8) Slings
 - Level 2.6 Bows
 - Level 2.6 Crossbows
 O Level 27 Throwing
 O Level 27 Armour
 O Level 27 Dodging
 O Level 27 Stealth
 O Level 27 Shields
 - Level 2.4 Unarmed Combat
 - Level 2.6 Invocations
 O Level 27 Evocations


You had 22 spell levels left.
You didn't know any spells.
Your spell library was empty.

Dungeon Overview and Level Annotations

Branches:
Dungeon (1/1)

Altars:
Cheibriados
Dithmenos
Elyvilon
Fedhas
Gozag
Hepliaklqana
Makhleb
Nemelex Xobeh
Okawaru
Qazlal
Ru
Sif Muna
Trog
Vehumet
Wu Jian
Xom
Yredelemnul
Zin
The Shining One
Beogh
Jiyva
Lugonu


Innate Abilities, Weirdness & Mutations

Your stone body is resilient. (AC +17)
You are immune to poison.
Your large and strong wings let you fly.
You resist negative energy. (rN+)
You are resistant to electric shocks. (rElec)
You are resistant to unholy torment.
You can survive without breathing.
You are immune to petrification.
You have very sharp teeth.
You are mostly covered in iridescent scales. (AC +4)
Your magical capacity is low. (-10% MP)
Your spells are a little easier to cast, but a little less powerful.
You sometimes lose the ability to read scrolls when taking damage.


Message History

You feel yourself slow down.
There is a huge open gate leading to the Armoury (Hard) here.
There is a huge open gate to the Main Hall (Safe) here.
Things that are here:
a +0 scale mail; a +0 trident You see here a +0 dagger.
You feel yourself speed up.
There is a huge open gate here.
There is a huge open gate leading to the Armoury (Hard) here.
An infernal demonspawn comes into view. It is wielding a +0 glaive.
The infernal demonspawn shouts!
There is an open door to the Storerooms (Easy) here.
You rampage towards the infernal demonspawn!
You rampage towards the infernal demonspawn!
The infernal demonspawn barely misses you.
You rampage towards the infernal demonspawn!
You impale the infernal demonspawn!!
The infernal demonspawn is severely wounded.
You bludgeon the infernal demonspawn!!
You kill the infernal demonspawn!
Trog accepts your kill.
Your base Long Blades skill increases to level 15!
No target in view!
No target in view!
No target in view!
No target in view!
No target in view!
No target in view!
No target in view!
No target in view!
No target in view!
No target in view!
There is an open door to the Storerooms (Easy) here.
There is an open door to the Storerooms (Easy) here.
Things that are here:
a +0 glaive; a +0 plate armour; an infernal demonspawn corpse Your extra speed is starting to run out.
There is an open door to the Entrance Hall (Safe) here.
There is a staircase leading out of the dungeon here.
You have escaped!

##########.##................''..
#...........'..).............''..
#'#####)#####......#..#......##..
#.#[[#.....##................##..
#.#))#####'#####'#####''#########
#.#))#...†.##.......##)'#########
#.#))#.....##.......##......#...'
#.#..###†####.......##....###...#
#.##'#...).##...@...##...##.+...+
#)#........##.......##..##..##'##
#.#........##.......##.)#..##.).#
#'###########.......##..#..#....)
#.......#..###########..'..'.....
#.###...#.############..#..#.....
#.#.....#.#....#!.[.##..#..##.).#
#.#...#.#)#....#!.[[##..##..##'##
#.....#.#)'....'..))##...##.+...+


There were no monsters in sight!

Vanquished Creatures
  Dissolution (D)
  Mnoleg (D)
  Gloorx Vloq (D)
  the Serpent of Hell (D)
  5 ancient liches (D)
  Dispater (D)
  4 orbs of fire (D)
  Mennas (D)
  Boris (D)
  2 royal mummies (D)
  Frederick (D)
  7 pandemonium lords (D)
  the Lernaean hydra (D)
  A Killer Klown (D)
  A curse toe (D)
  Xtahua (D)
  Nikola (D)
  A golden dragon (D)
  Jory (D)
  3 bone dragons (D)
  A profane servitor (D)
  8 Tzitzimimeh (D)
  3 pearl dragons (D)
  3 electric golems (D)
  A Hell Sentinel (D)
  2 tentacled monstrosities (D)
  4 Ice Fiends (D)
  A lich (D)
  21 Orb Guardians (D)
  3 Brimstone Fiends (D)
  3 deep elf blademasters (D)
  16 titans (D)
  A death cob (D)
  2 deep elf master archers (D)
  An Executioner (D)
  A sphinx (D)
  A storm dragon (D)
  2 shadow dragons (D)
  2 rockslimes (D)
  3 nagarajas (D)
  Ilsuiw (D)
  A draconian knight (D)
  3 azure jellies (D)
  2 ghost moths (D)
  9 fire giants (D)
  2 draconian scorchers (D)
  3 cacodemons (D)
  An iron dragon (D)
  A balrug (D)
  A draconian shifter (D)
  12 frost giants (D)
  Louise (D)
  2 draconian annihilators (D)
  2 ghouls (D)
  4 orc warlords (D)
  2 angels (D)
  2 spriggan defenders (D)
  A reaper (D)
  17 stone giants (D)
  An apis (D)
  A vampire knight (D)
  A green draconian (D)
  3 purple draconians (D)
  3 dire elephants (D)
  3 black draconians (D)
  5 deep elf demonologists (D)
  A lorocyproca (D)
  A minotaur (D)
  4 yellow draconians (D)
  4 white draconians (D)
  3 red draconians (D)
  2 deep elf annihilators (D)
  A mummy priest (D)
  An eidolon (D)
  3 blizzard demons (D)
  3 green deaths (D)
  A merfolk impaler (D)
  A deep elf death mage (D)
  28 ettins (D)
  Harold (D)
  3 fire dragons (D)
  3 yaktaur captains (D)
  A deep elf high priest (D)
  A naga warrior (D)
  4 vault guards (D)
  2 hydras (D)
  3 ice dragons (D)
  2 boulder beetles (D)
  An anaconda (D)
  6 ogre magi (D)
  A centaur warrior (D)
  10 two-headed ogres (D)
  3 alligator snapping turtles (D)
  A catoblepas (D)
  A hell beast (D)
  An iron elemental (D)
  A death knight (D)
  3 death yaks (D)
  2 hell hogs (D)
  3 hell knights (D)
  Urug (D)
  A soul eater (D)
  Nergalle (D)
  3 iron trolls (D)
  5 deep elf knights (D)
  A fire crab (D)
  A sixfirhy (D)
  A spriggan druid (D)
  3 cherubim (D)
  10 deep trolls (D)
  2 swamp dragons (D)
  A death drake (D)
  An infernal demonspawn (D)
  2 bog bodies (D)
  A deep elf archer (D)
  A wizard (D)
  2 necromancers (D)
  2 deep elf pyromancers (D)
  A deep elf zephyrmancer (D)
  6 orc knights (D)
  A wolf spider (D)
  Pikel (D)
  A manticore (D)
  An ugly thing (D)
  17 cyclopes (D)
  A merfolk siren (D)
  4 salamanders (D)
  An elephant (D)
  A black mamba (D)
  A naga mage (D)
  A molten gargoyle (D)
  An eye of devastation (D)
  A rust devil (D)
  A gargoyle (D)
  An unseen horror (D)
  2 hellions (D)
  2 freezing wraiths (D)
  2 yaktaurs (D)
  An ice devil (D)
  A tormentor (D)
  A komodo dragon (D)
  A guardian mummy (D)
  2 hellwings (D)
  A tyrant leech (D)
  6 trolls (D)
  A merfolk (D)
  2 jumping spiders (D)
  A polar bear (D)
  A hornet (D)
  A merfolk (shapeshifter) (D)
  4 blink frogs (D)
  2 wind drakes (D)
  A snapping turtle (D)
  An air elemental (D)
  2 spriggans (D)
  A shadow (D)
  A vampire (D)
  A redback (D)
  2 wyverns (D)
  A ynoxinul (D)
  A fire elemental (D)
  3 golden eyes (D)
  A chaos spawn (D)
  A neqoxec (D)
  A swamp worm (shapeshifter) (D)
  A warg (D)
  4 nagas (D)
  An acid dragon (D)
  3 floating eyes (D)
  2 swamp drakes (D)
  9 orc warriors (D)
  A necrophage (D)
  12 ogres (D)
  11 wolves (D)
  A lemure (D)
  2 bullfrogs (D)
  6 killer bees (D)
  A quasit (D)
  3 orc priests (D)
  A hound (D)
  2 iron imps (D)
  6 orc wizards (D)
  3 gnolls (D)
  An adder (D)
  A river rat (D)
  An ufetubus (D)
  An adder zombie (D)
  13 orcs (D)
  3 bat skeletons (D)
  3 goblins (D)
  3 hobgoblins (D)
  2 quokkas (D)
  A ball python simulacrum (D)
  A ball python zombie (D)
  A frilled lizard (D)
  A giant cockroach zombie (D)
  A kobold (D)
  2 quokka skeletons (D)
  A rat (D)
538 creatures vanquished.

Vanquished Creatures (collateral kills)
  An orb of fire (D)
  A curse toe (D)
  An electric golem (D)
  5 Orb Guardians (D)
  A lich (D)
  A deep elf master archer (D)
  A quicksilver dragon (D)
  A draconian scorcher (D)
  A deep elf death mage (D)
  A green death (D)
  A merfolk impaler (D)
  A fire dragon (D)
  An ice dragon (D)
  A naga warrior (D)
  An ogre mage (D)
  An anaconda (D)
  2 hell hogs (D)
  2 cherubim (D)
  A deep troll (D)
  A bog body (D)
  6 orc knights (D)
  An orc sorcerer (D)
  A deep elf pyromancer (D)
  A gargoyle (D)
  A yaktaur (D)
  A troll (D)
  A merfolk (D)
  A fire elemental (D)
  A chaos spawn (D)
  4 orc warriors (D)
  A hound (D)
  5 orcs (D)
50 creatures vanquished.

Vanquished Creatures (others)
  An Orb Guardian (D)
  An eldritch tentacle (D)
  A frost giant (D)
  An ogre mage (D)
  A deep elf zephyrmancer (D)
  A merfolk (D)
  A water elemental (D)
  A golden eye (D)
  An ogre (D)
  A killer bee (D)
  An orc wizard (D)
  A giant cockroach simulacrum (D)
  8 ball lightnings (D)
20 creatures vanquished.

Grand Total: 608 creatures vanquished

Notes
Turn   | Place    | Note
-------+----------+-------------------------------------------
     0 | D        | mhtbhm the Gargoyle Berserker began the quest for the Orb.
     0 | D        | Reached XP level 1. HP: 14/14 MP: 1/1
   101 | D        | Noticed a floating eye
   104 | D        | Killed a floating eye
   105 | D        | Reached XP level 2. HP: 23/23 MP: 2/2
   105 | D        | Reached XP level 3. HP: 28/28 MP: 3/3
   105 | D        | Reached XP level 4. HP: 32/32 MP: 4/4
   116 | D        | Reached ** piety under Trog
   367 | D        | Reached XP level 5. HP: 37/37 MP: 5/5
   476 | D        | Reached *** piety under Trog
   541 | D        | Found a bloodstained altar of Trog.
   541 | D        | Found a shimmering blue altar of Sif Muna.
   541 | D        | Found a viscous altar of Jiyva.
   541 | D        | Found a hazy altar of Hepliaklqana.
   541 | D        | Found an opulent altar of Gozag.
   542 | D        | Found a glowing golden altar of the Shining One.
   542 | D        | Found a glowing silver altar of Zin.
   542 | D        | Found a basalt altar of Yredelemnul.
   542 | D        | Found a shimmering altar of Xom.
   542 | D        | Found an ornate altar of the Wu Jian Council.
   542 | D        | Found a sacrificial altar of Ru.
   542 | D        | Found a stormy altar of Qazlal.
   542 | D        | Found an iron altar of Okawaru.
   542 | D        | Found a sparkling altar of Nemelex Xobeh.
   542 | D        | Found a burning altar of Makhleb.
   542 | D        | Found a blossoming altar of Fedhas.
   542 | D        | Found a white marble altar of Elyvilon.
   542 | D        | Found a shadowy altar of Dithmenos.
   542 | D        | Found a snail-covered altar of Cheibriados.
   610 | D        | Reached **** piety under Trog
   611 | D        | Reached skill level 1 in Stealth
   660 | D        | Noticed a floating eye
   663 | D        | Paralysed by a floating eye for 4 turns
   668 | D        | Killed a floating eye
   669 | D        | Reached skill level 5 in Armour
   669 | D        | Reached XP level 6. HP: 45/45 MP: 6/6
   707 | D        | Noticed a spriggan
   719 | D        | Killed a spriggan
   719 | D        | Reached ***** piety under Trog
   720 | D        | Reached skill level 10 in Maces & Flails
   720 | D        | Reached XP level 7. HP: 41/51 MP: 7/7
   777 | D        | Noticed Pikel
   792 | D        | Killed Pikel
   793 | D        | Reached skill level 10 in Fighting
   793 | D        | Reached XP level 8. HP: 57/57 MP: 8/8
   847 | D        | Noticed a boulder beetle
   847 | D        | Noticed a jumping spider
   968 | D        | Killed a jumping spider
   979 | D        | Received a gift from Trog
  1300 | D        | Killed a boulder beetle
  1301 | D        | Reached skill level 5 in Dodging
  1301 | D        | Reached XP level 9. HP: 64/64 MP: 9/9
  1415 | D        | Found a radiant altar of Vehumet.
  1415 | D        | Found a corrupted altar of Lugonu.
  1441 | D        | Noticed a hellwing
  1441 | D        | Noticed a four-headed hydra
  1452 | D        | Killed a four-headed hydra
  1453 | D        | Reached skill level 10 in Armour
  1454 | D        | Killed a hellwing
  1526 | D        | Noticed Harold
  1526 | D        | Noticed a rust devil
  1532 | D        | Killed a rust devil
  1533 | D        | Reached skill level 15 in Maces & Flails
  1543 | D        | Killed Harold
  1544 | D        | Reached XP level 10. HP: 72/72 MP: 10/10
  1667 | D        | Received a gift from Trog
  1725 | D        | Noticed Nergalle
  1731 | D        | Killed Nergalle
  1814 | D        | Reached ****** piety under Trog
  1815 | D        | Noticed a minotaur
  1831 | D        | Killed a minotaur
  1831 | D        | Received a gift from Trog
  2084 | D        | Noticed a black mamba
  2094 | D        | Killed a black mamba
  2101 | D        | Noticed a deep troll
  2116 | D        | Received a gift from Trog
  2117 | D        | Reached XP level 11. HP: 61/79 MP: 11/11
  2123 | D        | Killed a deep troll
  2198 | D        | Noticed a manticore
  2205 | D        | Killed a manticore
  2220 | D        | Received a gift from Trog
  2272 | D        | Killed a lorocyproca
  2390 | D        | Received a gift from Trog
  2420 | D        | Reached skill level 15 in Fighting
  2433 | D        | Identified the +5 mace "Jihud" {flame, rF- Str+3 Dex+3}
                  | (Trog gifted it to you in the Dungeon)
  2433 | D        | Received a gift from Trog
  2582 | D        | Noticed an anaconda
  2583 | D        | Noticed a nagaraja
  2586 | D        | Noticed a boulder beetle
  2596 | D        | Killed a nagaraja
  2597 | D        | Killed an anaconda
  2600 | D        | Killed a boulder beetle
  2806 | D        | Noticed a two-headed ogre
  2812 | D        | Received a gift from Trog
  2822 | D        | Reached XP level 12. HP: 88/88 MP: 12/12
  2827 | D        | Killed a two-headed ogre
  2828 | D        | Reached skill level 5 in Stealth
  2831 | D        | Received a gift from Trog
  2834 | D        | Noticed Urug
  2851 | D        | Killed Urug
  2851 | D        | Received a gift from Trog
  2852 | D        | Reached skill level 15 in Armour
  3074 | D        | Noticed a centaur warrior
  3075 | D        | Noticed an anaconda
  3081 | D        | Killed an anaconda
  3088 | D        | Killed a centaur warrior
  3174 | D        | Got the ring of Pyefaec {Fire Stlth+}
  3280 | D        | Noticed a death cob
  3281 | D        | Noticed an ice dragon
  3289 | D        | Killed a death cob
  3294 | D        | Killed an ice dragon
  3299 | D        | Received a gift from Trog
  3315 | D        | Got the +2 pair of gloves of the Barnacled Sunfish {Rampage
                  | rF+ Slay+4}
  3684 | D        | Noticed a titan
  3690 | D        | Killed a titan
  3765 | D        | Noticed a merfolk impaler
  3765 | D        | Noticed Ilsuiw
  3766 | D        | Noticed an orc warlord
  3766 | D        | Noticed an orc warlord
  3772 | D        | Killed Ilsuiw
  3773 | D        | Reached XP level 13. HP: 99/99 MP: 10/13
  3775 | D        | Received a gift from Trog
  3776 | D        | Killed an orc warlord
  3781 | D        | Killed a merfolk impaler
  3786 | D        | Killed an orc warlord
  3790 | D        | Received a gift from Trog
  3798 | D        | Noticed a vault guard
  3804 | D        | Reached skill level 10 in Stealth
  3805 | D        | Noticed a naga warrior
  3808 | D        | Noticed a yaktaur captain
  3813 | D        | Received a gift from Trog
  3816 | D        | Killed a vault guard
  3819 | D        | Killed a naga warrior
  3820 | D        | Reached skill level 1 in Evocations
  3822 | D        | Killed a yaktaur captain
  3838 | D        | Received a gift from Trog
  4006 | D        | Noticed a dire elephant
  4022 | D        | Killed a dire elephant
  4348 | D        | Got the +8 crystal plate armour of the Wilderness {Dex+4
                  | Slay-2}
  4390 | D        | Noticed a vault guard
  4399 | D        | Killed a vault guard
  4797 | D        | Noticed a Tzitzimitl
  4807 | D        | Killed a Tzitzimitl
  4807 | D        | Received a gift from Trog
  4900 | D        | Noticed a Hell Sentinel
  4919 | D        | Killed a Hell Sentinel
  4920 | D        | Gained mutation: Your large and strong wings let you fly.
                  | [Gargoyle growth]
  4920 | D        | Reached XP level 14. HP: 47/108 MP: 3/14
  5176 | D        | Noticed a bone dragon
  5199 | D        | Killed a bone dragon
  5215 | D        | Noticed an electric golem
  5231 | D        | Killed an electric golem
  5366 | D        | Noticed a balrug
  5372 | D        | Killed a balrug
  5373 | D        | Reached skill level 15 in Stealth
  5547 | D        | Noticed a titan
  5547 | D        | Noticed a bone dragon
  5547 | D        | Noticed an electric golem
  5547 | D        | Noticed a purple draconian scorcher
  5550 | D        | Killed a purple draconian scorcher
  5550 | D        | Received a gift from Trog
  5590 | D        | Killed an electric golem
  5591 | D        | Killed a bone dragon
  5598 | D        | Killed a titan
  5837 | D        | Noticed a pearl dragon
  5847 | D        | Killed a pearl dragon
  6067 | D        | Noticed a reaper
  6082 | D        | Killed a reaper
  6345 | D        | Noticed Uqonuo the pandemonium lord
  6352 | D        | Noticed a golden dragon
  6359 | D        | Killed Uqonuo the pandemonium lord
  6360 | D        | Reached XP level 15. HP: 118/118 MP: 12/15
  6419 | D        | Noticed a cacodemon
  6419 | D        | Gained mutation: You are weak. (Str -2) [a cacodemon]
  6426 | D        | Gained mutation: You are dopey. (Int -2) [a cacodemon]
  6431 | D        | Killed a cacodemon
  6431 | D        | Received a gift from Trog
  6438 | D        | Noticed a shadow dragon
  6444 | D        | Killed a shadow dragon
  6625 | D        | Noticed a royal mummy
  6637 | D        | Killed a royal mummy
  6637 | D        | Received a gift from Trog
  6756 | D        | Noticed an azure jelly
  6760 | D        | Killed an azure jelly
  6817 | D        | Noticed Gazxireff the pandemonium lord
  6843 | D        | Killed Gazxireff the pandemonium lord
  7059 | D        | Noticed a deep elf blademaster
  7071 | D        | Killed a deep elf blademaster
  7089 | D        | Noticed a tentacled monstrosity
  7096 | D        | Killed a tentacled monstrosity
  7213 | D        | Noticed a Tzitzimitl
  7222 | D        | Killed a Tzitzimitl
  7370 | D        | Noticed a storm dragon
  7372 | D        | Killed a storm dragon
  7372 | D        | Received a gift from Trog
  7373 | D        | Reached XP level 16. HP: 126/131 MP: 16/16
  7397 | D        | Noticed an orb of fire
  7408 | D        | Gained mutation: You occasionally shout uncontrollably at
                  | your foes. [an orb of fire]
  7417 | D        | Killed an orb of fire
  7520 | D        | Lost mutation: You are weak. (Str -2) [potion of mutation]
  7520 | D        | Lost mutation: You are dopey. (Int -2) [potion of mutation]
  7520 | D        | Lost mutation: You occasionally shout uncontrollably at
                  | your foes. [potion of mutation]
  7520 | D        | Gained mutation: You possess an exceptional clarity of
                  | mind. [potion of mutation]
  7520 | D        | Gained mutation: You sometimes lose the ability to read
                  | scrolls when taking damage. [potion of mutation]
  7520 | D        | Gained mutation: Your flesh is heat resistant. (rF+)
                  | [potion of mutation]
  7521 | D        | Lost mutation: You sometimes lose the ability to read
                  | scrolls when taking damage. [potion of mutation]
  7521 | D        | Lost mutation: Your flesh is heat resistant. (rF+) [potion
                  | of mutation]
  7521 | D        | Lost mutation: You possess an exceptional clarity of mind.
                  | [potion of mutation]
  7521 | D        | Gained mutation: You are frail. (-10% HP) [potion of
                  | mutation]
  7521 | D        | Gained mutation: You have sharp toenails. [potion of
                  | mutation]
  7521 | D        | Gained mutation: Your body sometimes deteriorates upon
                  | taking damage. [potion of mutation]
  7521 | D        | Lost mutation: You are frail. (-10% HP) [potion of
                  | mutation]
  7522 | D        | Lost mutation: You have sharp toenails. [potion of
                  | mutation]
  7522 | D        | Lost mutation: Your body sometimes deteriorates upon taking
                  | damage. [potion of mutation]
  7522 | D        | Gained mutation: You evolve. [potion of mutation]
  7522 | D        | Gained mutation: You are partially covered in iridescent
                  | scales. (AC +2) [potion of mutation]
  7522 | D        | Gained mutation: You have a pair of small horns on your
                  | head. [potion of mutation]
  7564 | D        | Noticed Sasmopre the pandemonium lord
  7582 | D        | Killed Sasmopre the pandemonium lord
  7658 | D        | Noticed an orb of fire
  7658 | D        | Noticed Jory
  7667 | D        | Gained mutation: Armour fits poorly on your strangely
                  | shaped body. [an orb of fire]
  7674 | D        | Killed an orb of fire
  7675 | D        | Reached skill level 27 in Fighting
  7681 | D        | Killed Jory
  7681 | D        | Received a gift from Trog
  7704 | D        | Lost mutation: You evolve. [potion of mutation]
  7704 | D        | Lost mutation: Armour fits poorly on your strangely shaped
                  | body. [potion of mutation]
  7704 | D        | Lost mutation: You have a pair of small horns on your head.
                  | [potion of mutation]
  7704 | D        | Gained mutation: You are mostly covered in iridescent
                  | scales. (AC +4) [potion of mutation]
  7704 | D        | Gained mutation: Your magical capacity is low. (-10% MP)
                  | [potion of mutation]
  7704 | D        | Gained mutation: You have very sharp teeth. [potion of
                  | mutation]
  7717 | D        | Noticed a Tzitzimitl
  7726 | D        | Killed a Tzitzimitl
  7910 | D        | Noticed a pearl dragon
  7919 | D        | Killed a pearl dragon
  7956 | D        | Noticed a Brimstone Fiend
  7963 | D        | Killed a Brimstone Fiend
  8074 | D        | Received a gift from Trog
  8085 | D        | Noticed a rockslime
  8089 | D        | Killed a rockslime
  8098 | D        | Noticed Must the pandemonium lord
  8110 | D        | Killed Must the pandemonium lord
  8111 | D        | Reached skill level 27 in Maces & Flails
  8308 | D        | Noticed an ancient lich
  8308 | D        | Noticed an Ice Fiend
  8313 | D        | Killed an Ice Fiend
  8314 | D        | Reached skill level 27 in Armour
  8334 | D        | Killed an ancient lich
  8335 | D        | Reached XP level 17. HP: 139/139 MP: 14/17
  8374 | D        | Noticed a Tzitzimitl
  8382 | D        | Killed a Tzitzimitl
  8476 | D        | Noticed an Executioner
  8481 | D        | Killed an Executioner
  8482 | D        | Reached skill level 5 in Shields
  8540 | D        | Noticed a Tzitzimitl
  8548 | D        | Killed a Tzitzimitl
  8548 | D        | Received a gift from Trog
  8549 | D        | Reached skill level 5 in Throwing
  8549 | D        | Reached skill level 5 in Evocations
  8621 | D        | Noticed an Ice Fiend
  8627 | D        | Killed an Ice Fiend
  8638 | D        | Found the +4 staff of Dispater
  8638 | D        | Noticed Dispater
  8653 | D        | Noticed a Hell Sentinel
  8670 | D        | Killed Dispater
  8717 | D        | Noticed a Tzitzimitl
  8726 | D        | Killed a Tzitzimitl
  8727 | D        | Reached skill level 10 in Dodging
  8811 | D        | Noticed an orb of fire
  8827 | D        | Killed an orb of fire
  8902 | D        | Noticed Kaowner the pandemonium lord
  8918 | D        | Killed Kaowner the pandemonium lord
  8918 | D        | Received a gift from Trog
  8919 | D        | Reached skill level 10 in Throwing
  8919 | D        | Reached skill level 10 in Evocations
  9384 | D        | Noticed an ancient lich
  9391 | D        | Killed an ancient lich
  9543 | D        | Got the ring of Jeamokylea {rC+ rN++ Slay+4}
  9545 | D        | Got the amulet "Xyrghoib" {Acrobat Fly MP+9 Int+3 SInv}
  9547 | D        | Got the amulet of False Hope {RegenMP Str+2}
  9550 | D        | Got the amulet "Geus" {Reflect rPois SH+5}
  9552 | D        | Got the ring of Uskayaw's Reproof {Wiz *Slow rPois rC+++
                  | Str-3}
  9555 | D        | Got an iron rune of Zot
  9558 | D        | Got the amulet of Kinwan {RegenMP +Inv rPois Str+3}
  9560 | D        | Got the ring of Joy {rN+ MP+9 Str+3}
  9562 | D        | Got the ring of Polytheism {+Inv rElec rPois rC- rN+}
  9585 | D        | Got the amulet of No Interval {Faith rPois rN+}
  9587 | D        | Got the ring of Nureij {rF+ rC- rCorr Stlth+}
  9589 | D        | Got the ring of the Good {rCorr Stlth+}
  9591 | D        | Got the ring "Ycweor" {rN+ MP+9 Stlth+}
  9594 | D        | Got the amulet "Wadann" {Acrobat Fragile rElec Will+}
  9856 | D        | Identified the +1 mace of Jynku {vorpal, Drain Dex+4 SInv
                  | Stlth+} (Trog gifted it to you in the Dungeon)
  9856 | D        | Received a gift from Trog
  9872 | D        | Received a gift from Trog
  9884 | D        | Reached skill level 15 in Shields
  9893 | D        | Received a gift from Trog
  9904 | D        | Reached XP level 18. HP: 145/145 MP: 17/17
  9904 | D        | Received a gift from Trog
  9905 | D        | Found the +5 robe of Night {Dark Will+ SInv}
  9920 | D        | Identified the ring of Murph {rN+ Str+3 Int+2 Dex+4 SInv}
  9996 | D        | Got the ring of Retho {rPois rC++ SInv}
 10088 | D        | Noticed a deep elf master archer
 10118 | D        | Killed a deep elf master archer
 10118 | D        | Received a gift from Trog
 10128 | D        | Noticed a lich
 10137 | D        | Killed a lich
 10144 | D        | Received a gift from Trog
 10461 | D        | Received a gift from Trog
 10491 | D        | Received a gift from Trog
 10536 | D        | Identified the +7 dire flail of Zufo Juxt {vorpal, rElec}
                  | (Trog gifted it to you in the Dungeon)
 10536 | D        | Received a gift from Trog
 10553 | D        | Received a gift from Trog
 10705 | D        | Got the ring "Riuh" {Fire Dex+4}
 10707 | D        | Got the ring "Tewaess" {*Slow rPois rF+ rC+ rN++}
 10709 | D        | Got the ring of Okawaru's Benevolence {rF+ rN+ Str+6}
 10711 | D        | Got the ring of Naunyig {rN+ MP+9 Str+3}
 10713 | D        | Got the ring "Xogg" {Fire rPois}
 10715 | D        | Got the ring "Garill" {rC+ Will++}
 10718 | D        | Got the ring of Ziycul {rF+ rC+ rN+ MP+9 Str-4 Dex+4}
 10722 | D        | Got the ring "Cenn" {Wiz MP+9 Slay+2}
 10724 | D        | Got the ring "Sughamit" {Ice rPois Will- Int+4 Dex+3}
 10726 | D        | Got the ring "Onijis" {Will+ Int+6 Dex+5 Slay-4}
 10728 | D        | Got the ring "Bittuf Bupe" {Drain *Slow Str+7 Int+6 Dex+3}
 10731 | D        | Got the ring of Araetz {rF+ Will+ MP+9 Str-3}
 10733 | D        | Got the ring of Kikubaaqudgha's Hatred {Wiz Int+4}
 10758 | D        | Got the ring "Vagh" {rF+ rN+ Int+3 Dex+6}
 10760 | D        | Got the amulet of Mistrust {RegenMP Dex+5}
 10762 | D        | Got the ring "Higgerhe" {rN+ Dex+7 Slay+5 SInv}
 10764 | D        | Got the amulet "Qaibrari" {Regen+ Dex+4}
 10767 | D        | Got the ring of Sihashrik {Str+4 Slay+5}
 10770 | D        | Got the amulet of the Barnacle {RegenMP Will+ Slay+3}
 10772 | D        | Got the amulet "Akliyrch" {Spirit Slay+5}
 10774 | D        | Got the amulet "Bazoler" {Regen+ MP+9 Int+4 Stlth+}
 10776 | D        | Got the amulet of Neurosis {RegenMP rElec Int+2 Slay+2}
 10778 | D        | Got the ring of Dissent {Fire Will+ SInv}
 10780 | D        | Got the ring of Hytt {rF+ MP+9 Str-3 Dex+2}
 10783 | D        | Got the amulet of Yzoabofuly {Faith Str+3}
 10785 | D        | Got the amulet of Nugem {Spirit Str+5 Dex+7}
 10787 | D        | Got the amulet "Xiseh" {Reflect +Inv rF+ Str+4 Dex+3 SH+5}
 10932 | D        | Noticed a deep elf master archer
 10952 | D        | Reached skill level 15 in Throwing
 10955 | D        | Killed a deep elf master archer
 10965 | D        | Received a gift from Trog
 11132 | D        | Received a gift from Trog
 11218 | D        | Noticed a titan
 11236 | D        | Killed a titan
 11239 | D        | Received a gift from Trog
 11557 | D        | Noticed a deep elf master archer
 11557 | D        | Noticed a profane servitor
 11560 | D        | Noticed a bone dragon
 11565 | D        | Killed a profane servitor
 11565 | D        | Received a gift from Trog
 11566 | D        | Noticed a curse toe
 11578 | D        | Killed a deep elf master archer
 11579 | D        | Reached skill level 15 in Dodging
 11583 | D        | Killed a bone dragon
 11587 | D        | Reached XP level 19. HP: 151/151 MP: 1/18
 11591 | D        | Received a gift from Trog
 11600 | D        | Killed a curse toe
 11836 | D        | Received a gift from Trog
 11867 | D        | Noticed an electric golem
 11873 | D        | Killed an electric golem
 11873 | D        | Received a gift from Trog
 11981 | D        | Got the amulet of Cakontu Codo {rN+ Regen+ Int+3}
 11984 | D        | Got the amulet of Reimbursement {Faith +Blink rElec Int+3}
 11987 | D        | Got the amulet "Bubypn" {Acrobat rN+++ Will- Dex-3 SInv}
 11990 | D        | Got the ring "Qecok" {rF+ rC+ EV+4 SInv Stlth+}
 11993 | D        | Got the ring "Cempui Dusa" {rPois rN++ Dex+4 Stlth-}
 11996 | D        | Got the ring "Usetip" {+Blink rN+ MP+9}
 11999 | D        | Got the ring "Suampojoi" {rN+ Str+5 SInv}
 12002 | D        | Got the ring of Finality {rPois rN+ Str-3 Dex+6}
 12011 | D        | Noticed Boris
 12014 | D        | Noticed a golden dragon
 12024 | D        | Killed Boris
 12025 | D        | Reached skill level 27 in Shields
 12027 | D        | Killed a golden dragon
 12242 | D        | Received a gift from Trog
 12252 | D        | Received a gift from Trog
 12331 | D        | Received a gift from Trog
 12372 | D        | Identified the ring of Orthodoxy {Fire rElec rN+ Will-
                  | Str+3}
 12374 | D        | Received a gift from Trog
 12405 | D        | Received a gift from Trog
 12435 | D        | Reached skill level 15 in Evocations
 12456 | D        | Received a gift from Trog
 12490 | D        | Received a gift from Trog
 12695 | D        | Paralysed by a vampire knight for 3 turns
 12703 | D        | Upgraded the game from 0.27-a0-909-g0721f309d1 to
                  | 0.27-a0-965-gbf8bb431c4
 12708 | D        | Received a gift from Trog
 12725 | D        | Received a gift from Trog
 12953 | D        | Got the +6 crystal plate armour of Ikik {Rampage +Blink
                  | Int-4}
 12988 | D        | Noticed a tentacled monstrosity
 13001 | D        | Received a gift from Trog
 13011 | D        | Killed a tentacled monstrosity
 13018 | D        | Received a gift from Trog
 13023 | D        | Received a gift from Trog
 13035 | D        | Received a gift from Trog
 13265 | D        | Received a gift from Trog
 13266 | D        | Reached XP level 20. HP: 157/157 MP: 19/19
 13287 | D        | Received a gift from Trog
 13311 | D        | Received a gift from Trog
 13339 | D        | Received a gift from Trog
 13355 | D        | Identified the +2 broad axe "Banisher" {vorpal, rCorr
                  | Str+4} (Trog gifted it to you in the Dungeon)
 13355 | D        | Received a gift from Trog
 13372 | D        | Received a gift from Trog
 13397 | D        | Got the ring "Lyfyag Uramm" {rPois rCorr Str+4 Int-4
                  | Slay+2}
 13484 | D        | Got a silver rune of Zot
 13795 | D        | Identified the +8 scimitar of Defence by Offence {vorpal,
                  | MP+9}
 13797 | D        | Received a gift from Trog
 13799 | D        | Received a gift from Trog
 13799 | D        | Received a gift from Trog
 13800 | D        | Received a gift from Trog
 13800 | D        | Received a gift from Trog
 13801 | D        | Received a gift from Trog
 13802 | D        | Identified the +9 long sword of Conformity {protect,
                  | Stlth+}
 13805 | D        | Received a gift from Trog
 13806 | D        | Received a gift from Trog
 13813 | D        | Reached XP level 21. HP: 150/163 MP: 20/20
 13818 | D        | Received a gift from Trog
 13834 | D        | Identified the amulet "Funuon" {RegenMP rC++ Dex-5 Slay+3}
 13842 | D        | Received a gift from Trog
 13843 | D        | Reached skill level 27 in Evocations
 13846 | D        | Received a gift from Trog
 13847 | D        | Received a gift from Trog
 13854 | D        | Received a gift from Trog
 13855 | D        | Received a gift from Trog
 13856 | D        | Reached skill level 27 in Throwing
 13882 | D        | Identified the +13 dagger of Nightmares {flame, rF+ Int+2
                  | Dex+4} (Trog gifted it to you in the Dungeon)
 13882 | D        | Received a gift from Trog
 13891 | D        | Got a golden rune of Zot
 14232 | D        | Identified the +9 quarterstaff of Yfaytadd {vorpal, Int+3
                  | Dex+3} (Trog gifted it to you in the Dungeon)
 14232 | D        | Received a gift from Trog
 14234 | D        | Noticed Dissolution
 14248 | D        | Killed Dissolution
 14249 | D        | Received a gift from Trog
 14445 | D        | Noticed Frederick
 14446 | D        | Noticed a curse toe
 14451 | D        | Noticed Louise
 14452 | D        | Killed Frederick
 14452 | D        | Received a gift from Trog
 14452 | D        | Noticed Inteo the pandemonium lord
 14453 | D        | Reached skill level 27 in Dodging
 14455 | D        | Noticed the 27-headed Lernaean hydra
 14457 | D        | Killed a curse toe
 14463 | D        | Received a gift from Trog
 14464 | D        | Reached XP level 22. HP: 169/169 MP: 21/21
 14467 | D        | Killed the 27-headed Lernaean hydra
 14471 | D        | Killed Inteo the pandemonium lord
 14473 | D        | Killed Louise
 14473 | D        | Received a gift from Trog
 14745 | D        | Received a gift from Trog
 15027 | D        | Noticed a Killer Klown
 15027 | D        | Noticed Mnoleg
 15029 | D        | Noticed an orb of fire
 15032 | D        | Killed a Killer Klown
 15033 | D        | Reached skill level 10 in Axes
 15033 | D        | Received a gift from Trog
 15044 | D        | Gained mutation: You sometimes lose the ability to read
                  | scrolls when taking damage. [an orb of fire]
 15045 | D        | Killed an orb of fire
 15049 | D        | Noticed Xtahua
 15050 | D        | Killed Mnoleg
 15051 | D        | Reached skill level 15 in Axes
 15051 | D        | Reached skill level 27 in Stealth
 15060 | D        | Killed Xtahua
 15060 | D        | Identified the +7 flail "Huarac" {vorpal, Fly} (Trog gifted
                  | it to you in the Dungeon)
 15060 | D        | Received a gift from Trog
 15067 | D        | Noticed an ancient lich
 15084 | D        | HP: 8/169 [ancient lich/crystal spear (58)]
 15085 | D        | Killed an ancient lich
 15509 | D        | Noticed Cubop the pandemonium lord
 15510 | D        | Noticed Gloorx Vloq
 15529 | D        | Killed Gloorx Vloq
 15532 | D        | Killed Cubop the pandemonium lord
 15791 | D        | Received a gift from Trog
 16018 | D        | Noticed an orb of fire
 16020 | D        | Noticed an ancient lich
 16022 | D        | Noticed the Serpent of Hell
 16022 | D        | Noticed Nikola
 16028 | D        | Noticed Mennas
 16030 | D        | Gained mutation: Your spells are a little easier to cast,
                  | but a little less powerful. [an orb of fire]
 16033 | D        | Killed an orb of fire
 16034 | D        | Reached XP level 23. HP: 175/175 MP: 22/22
 16036 | D        | Received a gift from Trog
 16051 | D        | Killed Mennas
 16059 | D        | Killed the Serpent of Hell
 16063 | D        | Killed an ancient lich
 16063 | D        | Received a gift from Trog
 16064 | D        | Reached skill level 27 in Axes
 16068 | D        | Reached skill level 10 in Short Blades
 16076 | D        | Killed Nikola
 16077 | D        | Reached skill level 10 in Long Blades
 16077 | D        | Noticed an ancient lich
 16089 | D        | Killed an ancient lich
 16089 | D        | Identified the +1 morningstar of Forgiveness {vorpal, Dex+4
                  | Stlth+} (Trog gifted it to you in the Dungeon)
 16089 | D        | Received a gift from Trog
 16265 | D        | Noticed a royal mummy
 16274 | D        | Killed a royal mummy
 16275 | D        | Reached skill level 15 in Short Blades
 16543 | D        | Got the Orb of Zot
 16667 | D        | Reached skill level 15 in Long Blades
 16687 | D        | Escaped with the Orb!

Illustrated notes

Levels and vault maps discovered:
D:        pitsprint [storerooms_1, entrance_room_1, metal_vault_6, armoury_2,
          mini_pit_1, grid_room_1, main_hall_1, silver_pit, the_coven_1,
          the_vestibule_1, steel_vault_1, golden_pit, hallway_of_sentries,
          crystal_vault_1, iron_vault_3, final_vault]

Skill      XL: |  1  2  3  4  5  6  7  8  9 10 11 12 13 14 15 16 17 18 19 20 21 22 23 |
---------------+----------------------------------------------------------------------+-----
Fighting       | 6 8 9 10 11 12 13 16 18 20 22 25 27 | 27.0
Maces & Flails | 6 9 10 11 13 15 17 19 21 22 24 27 | 27.0
Armour         | 3 5 6 7 9 11 12 14 16 19 21 23 27 | 27.0
Dodging        | 2 3 4 5 6 7 12 15 17 20 27 | 27.0
Stealth        | 1 2 3 4 7 14 15 19 27 | 27.0
Evocations     | 1 2 11 18 26 27 | 27.0
Short Blades   | 2 16 | 16.6
Long Blades    | 2 15 | 15.0
Axes           | 2 24 27 | 27.0
Polearms       | 2 |  2.3
Staves         | 2 |  2.6
Slings         | 2 |  2.3
Bows           | 2 |  2.6
Crossbows      | 2 |  2.6
Throwing       | 2 11 18 21 24 27 | 27.0
Shields        | 2 15 24 27 | 27.0
Unarmed Combat | 2 |  2.4
Invocations    | 2 |  2.6

Action                   |  1- 3 |  4- 6 |  7- 9 | 10-12 | 13-15 | 16-18 | 19-21 | 22-24 || total
-------------------------+-------+-------+-------+-------+-------+-------+-------+-------++-------
Melee: Mace              |     8 |    11 |       |       |       |       |       |       ||    19
       Flail             |       |    75 |    66 |       |       |       |       |       ||   141
       Great mace        |       |       |    28 |    47 |       |       |       |       ||    75
       Dire flail        |       |       |       |   200 |   335 |   486 |   408 |   135 ||  1564
       Headbutt          |       |       |       |       |       |     8 |       |       ||     8
       Bite              |       |       |       |       |       |    78 |    79 |    24 ||   181
Throw: Javelin           |       |       |       |       |       |     6 |     7 |     8 ||    21
       Throwing net      |       |       |       |       |       |     2 |     1 |     1 ||     4
Invok: Berserk           |       |     1 |     6 |     8 |    12 |    18 |     8 |     3 ||    56
       Brothers in Arms  |       |       |       |     5 |     3 |     2 |     7 |     4 ||    21
       Trog's Hand       |       |       |       |     1 |     1 |     2 |       |     2 ||     6
Evoke: Box of beasts     |       |       |       |     1 |       |       |       |     1 ||     2
       Tin of tremorston |       |       |       |       |       |       |    19 |     9 ||    28
       Condenser vane    |       |       |       |       |       |       |     5 |     6 ||    11
       Wand              |       |       |       |       |       |       |     2 |     3 ||     5
       Phantom mirror    |       |       |       |       |       |       |       |     1 ||     1
  Use: Potion            |       |       |     1 |     1 |     3 |     7 |     2 |    10 ||    24
       Scroll            |       |       |       |       |       |     2 |     1 |     1 ||     4
 Stab: Sleeping          |       |     1 |       |       |       |       |       |       ||     1
       Confused          |       |       |       |     2 |       |       |       |       ||     2
       Invisible         |       |       |       |     1 |    10 |       |       |       ||    11
       Distracted        |       |       |       |     1 |       |     3 |     1 |       ||     5
       Petrified         |       |       |       |       |       |       |     3 |       ||     3
       Held in net/web   |       |       |       |       |       |       |       |     1 ||     1
Armor: Animal skin       |     2 |     6 |       |       |       |       |       |       ||     8
       Plate armour      |       |    93 |    53 |   139 |    24 |   143 |   139 |       ||   591
       Gold dragon scale |       |       |       |       |   200 |    82 |       |       ||   282
       Crystal plate arm |       |       |       |       |       |       |   196 |   264 ||   460
Dodge: Dodged            |     2 |    48 |    24 |   153 |   142 |   114 |   199 |   149 ||   831
Block: Other             |       |       |       |       |       |    26 |    81 |    50 ||   157
       Reflection        |       |       |       |       |       |     3 |     2 |       ||     5

Table legend: (Time is in decaauts) A = Elapsed time spent in this place. B = Non-inter-level travel time spent in this place. C = Inter-level travel time spent in this place. D = Time resting spent in this place. E = Time spent auto-exploring this place. F = Levels seen in this place. G = Mean time per level. A B C D E F G +--------+--------+--------+--------+--------+-----+--------+ Total | 16409 | 16205 | 204 | 10527 | 106 | 1 | 16409.0 | Dungeon | 16409 | 16205 | 204 | 10527 | 106 | 1 | 16409.0 | +--------+--------+--------+--------+--------+-----+--------+

Top non-repeatable levels by time:
       D: 16409 daAuts
